 Dungeon Crawl Stone Soup version 0.29.1 (webtiles) character file.

Game seed: 5823615914073804911

3502 ILmort the Slicer (level 9, -1/82 HPs)
             Began as a Demonspawn Fighter on Sept 14, 2022.
             Slain by a yak (9 damage)
             ... on level 9 of the Dungeon.
             The game lasted 00:17:37 (8683 turns).

ILmort the Slicer (Demonspawn Fighter)              Turns: 8683, Time: 00:17:38

Health: -1/82      AC:  4    Str: 16    XL:     9   Next: 80%
Magic:  0/8        EV:  9    Int: 10    God:
Gold:   425        SH:  9    Dex: 17    Spells: 8/8 levels left

rFire   + . .      SeeInvis +   a - +0 rapier
rCold   + . .      Faith    .   c - +0 buckler
rNeg    + . .      Spirit   +   o - +2 ring mail {rN+}
rPois   +          Reflect  .   (helmet restricted)
rElec   .          Harm     .   x - scarf {rC+ rF+}
rCorr   .          Rampage  .   (no gloves)
Will    .....                   r - +0 pair of boots
Stlth   +.........              q - amulet of guardian spirit
HPRegen 0.23/turn               j - ring of see invisible
MPRegen 0.11/turn               k - ring of poison resistance

@: corroded
A: hooves 2, demonic guardian 1, sharp scales 2, condensation shield, horns 1,
deformed body, low MP 1, robust 1
a: no special abilities


You were on level 9 of the Dungeon.
You visited 1 branch of the dungeon, and saw 8 of its levels.

You collected 425 gold pieces.

Inventory:

Hand Weapons
 a - a +0 rapier (weapon)
 d - the +7 morningstar of Charity {vorpal, Int+5}
   (You found it on level 8 of the Dungeon)

   It inflicts extra damage upon your enemies.
   Int:       It affects your intelligence (+5).
Missiles
 l - 16 poisoned darts (quivered)
Armour
 c - a +0 buckler (worn)
 o - a +2 ring mail of positive energy (worn)
 r - a +0 pair of boots (worn)
 x - a scarf of resistance (worn)
 y - a +0 plate armour
Jewellery
 j - a ring of see invisible (left hand)
 k - a ring of poison resistance (right hand)
 q - an amulet of guardian spirit (around neck)
 u - a ring of protection from cold
Wands
 b - a wand of digging (7)
 C - a wand of polymorph (4)
Scrolls
 e - a scroll of acquirement {unknown}
 g - a scroll of torment
 m - a scroll of fear
 s - 2 scrolls of enchant weapon {unknown}
 t - 2 scrolls of identify
 v - a scroll of poison {unknown}
 w - a scroll of noise {unknown}
 A - a scroll of magic mapping {unknown}


   Skills:
 + Level 8.4 Fighting
 * Level 10.5 Short Blades
 - Level 2.6 Armour
 - Level 4.0 Shields


You had 8 spell levels left.
You didn't know any spells.
Your spell library contained the following spells:

 Spells                   Type           Power      Damage    Failure   Level
 Beastly Appendage        Tmut           0%         N/A       67%         1
 Wereblood                Tmut           0%         N/A       80%         2
 Spider Form              Tmut/Pois      0%         N/A       95%         3
 Summon Guardian Golem    Hex/Summ       0%         N/A       95%         3
 Orb of Destruction       Conj           0%         9d5       100%        7
 Spellforged Servitor     Conj/Summ      0%         N/A       100%        7


Dungeon Overview and Level Annotations

Branches:
Dungeon (9/15)
 Temple: D:4-7         Lair: D:8-11         Orc: D:9-12

Altars:
Dithmenos
Ru
Trog


Innate Abilities, Weirdness & Mutations

You have hoof-like feet.
A weak demonic guardian rushes to your aid.
You are mostly covered in razor-sharp scales. (AC +2, Slay +2)
A meltable shield of frost defends you. (SH +4)
You have a pair of small horns on your head.
Armour fits poorly on your strangely shaped body.
Your magical capacity is low. (-10% MP)
You are robust. (+10% HP)


Message History

* * * LOW HITPOINT WARNING * * *
A yak comes into view.
Your shadow imp hits the yak.
You hit the yak but do no damage. You hit the yak but do no damage.
The yak gores you.
* * * LOW HITPOINT WARNING * * *
A yak comes into view.
Your shadow imp hits the yak.
You puncture the yak! You block the yak's attack.
Your shadow imp hits the yak but does no damage.
You hit the yak but do no damage. You headbutt the yak.
You hit the yak but do no damage. You headbutt the yak.
The yak barely misses you.
Your shadow imp hits the yak.
You barely miss the yak. The yak gores you.
* * * LOW HITPOINT WARNING * * *
Your shadow imp hits the yak.
You hit the yak. The yak gores your shadow imp!
Your shadow imp dies!
Your shadow imp disappears in a puff of smoke!
A yak comes into view.
The yak bellows!
You hear a bellow!
You hit the yak but do no damage. You headbutt the yak.
You hear a bellow! x4
You puncture the yak! The yak gores you.
* * * LOW HITPOINT WARNING * * *
You aren't carrying any potions.
As you read the scroll labelled UXAEMA TULIZOARUOD, it crumbles to dust.
You assume a fearsome visage.
The yak looks frightened! x2
It was a scroll of fear.
The yak attacks as you move away! The yak gores you!
* * * LOW HITPOINT WARNING * * *
Things that are here:
a +0 dagger; a +0 robe; an orc skeleton You hit the yak but do no damage.
The yak gores you.
* * * LOW HITPOINT WARNING * * *
You hit the yak. You headbutt the yak. You hit the yak but do no damage.
You headbutt the yak, but do no damage.
A yak comes into view.
The yak gores you!
You die...

#.........<.....#.#
#...............#.#
#.##########....#.#
#.# #....#.# #.#
#....#.# #.#
#....#.#
#.##########....#.#
#...)..).....†..#
#.Y@)......#)####.#
#Y######'#.#.y....#
.... .#.#......#
Y..Y... .###........
#####.... ..
......... #.....
............ #......
...........#
#........#####..>..#
.. .....#


You could see 3 yaks.

Vanquished Creatures
  A hornet (D:8)
  A wraith (D:9)
  8 yaks
  Edmund (D:4)
  A black bear (D:3)
  2 ice beasts
  An ogre (D:4)
  2 bullfrogs (D:8)
  2 necrophages
  2 wights (D:8)
  6 killer bees (D:9)
  5 hounds
  A jelly (D:5)
  2 iguanas
  6 orc wizards
  7 adders
  2 gnolls
  An ufetubus (D:4)
  2 worms
  3 dart slugs
  17 orcs
  5 endoplasms
  4 giant cockroaches
  5 goblins
  8 hobgoblins
  4 jackals (D:4)
  12 kobolds
  4 quokkas
  3 ball pythons
  7 bats
  7 frilled lizards
  4 rats
136 creatures vanquished.

Vanquished Creatures (collateral kills)
  An acid dragon (D:9)
  An orc warrior (D:8)
  Blork the orc (D:4)
  A scorpion (D:4)
  An adder (D:4)
  A worm (D:2)
  3 orcs
  A kobold (D:1)
10 creatures vanquished.

Grand Total: 146 creatures vanquished

Notes
Turn   | Place    | Note
-------+----------+-------------------------------------------
     0 | D:1      | ILmort the Demonspawn Fighter began the quest for the Orb.
     0 | D:1      | Reached XP level 1. HP: 18/18 MP: 1/1
   100 | D:1      | Reached skill level 2 in Short Blades
   365 | D:1      | Gained mutation: A weak demonic guardian rushes to your
                  | aid. [demonic ancestry]
   365 | D:1      | Reached XP level 2. HP: 20/24 MP: 2/2
   684 | D:1      | Gained mutation: You are partially covered in razor-sharp
                  | scales. (AC +1, Slay +1) [demonic ancestry]
   684 | D:1      | Reached XP level 3. HP: 25/29 MP: 3/3
   813 | D:1      | Found a faded altar of an unknown god.
   885 | D:1      | Reached skill level 3 in Short Blades
  2178 | D:3      | Found a bloodstained altar of Trog.
  2255 | D:2      | Gained mutation: You have large cloven feet. [demonic
                  | ancestry]
  2255 | D:2      | Reached XP level 4. HP: 35/37 MP: 4/4
  2951 | D:3      | Found a shadowy altar of Dithmenos.
  3179 | D:3      | Reached skill level 4 in Short Blades
  3188 | D:3      | Reached XP level 5. HP: 42/42 MP: 5/5
  3289 | D:4      | Noticed Blork the orc
  3289 | D:4      | Noticed a black bear
  3325 | D:3      | Killed a black bear
  3726 | D:4      | Killed Blork the orc
  3727 | D:4      | Reached skill level 5 in Short Blades
  3727 | D:4      | Gained mutation: You are mostly covered in razor-sharp
                  | scales. (AC +2, Slay +2) [demonic ancestry]
  3727 | D:4      | Reached XP level 6. HP: 27/49 MP: 3/6
  3879 | D:4      | Noticed Edmund
  3887 | D:4      | Killed Edmund
  3970 | D:4      | Reached skill level 5 in Fighting
  4196 | D:4      | Reached XP level 7. HP: 40/56 MP: 4/7
  4511 | D:5      | Entered Level 5 of the Dungeon
  4526 | D:4      | Reached skill level 6 in Short Blades
  5432 | D:5      | Reached skill level 7 in Short Blades
  5549 | D:5      | Gained mutation: You have hoof-like feet. [demonic
                  | ancestry]
  5549 | D:5      | Reached XP level 8. HP: 39/64 MP: 6/8
  5889 | D:5      | You fall into a shaft and drop 2 floors!
  6460 | D:8      | Reached skill level 8 in Short Blades
  6794 | D:8      | HP: 3/61 [wight/+0 flail (5)]
  7084 | D:8      | Found a sacrificial altar of Ru.
  7221 | D:8      | HP: 1/65 [orc warrior/+0 flail (9)]
  7356 | D:8      | Reached skill level 9 in Short Blades
  7557 | D:8      | Noticed a hornet
  7573 | D:8      | HP: 1/63 [hornet (3)]
  7575 | D:8      | Gained mutation: You have a pair of small horns on your
                  | head. [potion of mutation]
  7575 | D:8      | Gained mutation: You are robust. (+10% HP) [potion of
                  | mutation]
  7575 | D:8      | Gained mutation: You have hidden genetic defects. [potion
                  | of mutation]
  7578 | D:8      | Killed a hornet
  7579 | D:8      | Gained mutation: A meltable shield of frost defends you.
                  | (SH +4) [demonic ancestry]
  7579 | D:8      | Reached XP level 9. HP: 15/79 MP: 9/9
  7603 | D:8      | Gained mutation: Your magical capacity is low. (-10% MP)
                  | [hidden defects]
  7942 | D:8      | Identified the +7 morningstar of Charity {vorpal, Int+5}
  8040 | D:9      | Reached skill level 10 in Short Blades
  8058 | D:9      | Gained mutation: Armour fits poorly on your strangely
                  | shaped body. [hidden defects]
  8058 | D:9      | Lost mutation: You have hidden genetic defects. [hidden
                  | defects expressed]
  8683 | D:9      | Slain by a yak

Illustrated notes

Levels and vault maps discovered:
D:1:      tarquinn_simple_flora_water_e, layout_rooms,
          hellmonk_ecumenical_altar_blasted
D:2:      layout_loops_corners
D:3:      minmay_recursive_quarters, layout_loops_cross,
          overflow_temple_1_default, mainiacjoe_overflow_concentric_impassable
D:4:      layout_rooms, uniq_blork_the_orc, uniq_edmund
D:5:      layout_rooms
D:7:      layout_loops_corners, amcnicky_altar_gilded, kennysheep_mini,
          overflow_temple_1_default
D:8:      minmay_general_purpose_star, layout_gridville, xom_redecorated,
          nicolae_ru_sacrificial_ziggurat
D:9:      statuecave_lemuel, layout_irregular_city, erik_lair_orcish_takeover,
          lemuel_flamethrower_2

Skill      XL: |  1  2  3  4  5  6  7  8  9 |
---------------+----------------------------+-----
Short Blades   | 2 3 4 5 7 9 10 | 10.5
Fighting       | 4 5 6 7 8 |  8.4
Shields        | 4 |  4.0
Armour         | |  2.6

Action                   |  1- 3 |  4- 6 |  7- 9 || total
-------------------------+-------+-------+-------++-------
Melee: Rapier            |   165 |   180 |   460 ||   805
       Kick              |       |    14 |       ||    14
       Headbutt          |       |       |    28 ||    28
  Use: Scroll            |       |     5 |     5 ||    10
       Potion            |       |     1 |    13 ||    14
 Stab: Distracted        |       |       |     2 ||     2
Armor: Scale mail        |   100 |     2 |       ||   102
       Ring mail         |       |    82 |   173 ||   255
Dodge: Dodged            |    81 |    81 |   199 ||   361
Block: Buckler           |    28 |    49 |    90 ||   167
